 Dungeon Crawl Stone Soup version 0.29.0-4-gdea44cf6ec (webtiles) character file.

Game seed: 5790467799121412582

57 qw the Chopper (level 4, -1/26 HPs)
             Began as a Tengu Warper on Aug 28, 2022.
             Slain by a gnoll
             ... wielding a +0 flail
              (8 damage)
             ... on level 2 of the Dungeon.
             The game lasted 00:00:06 (1529 turns).

qw the Chopper (Tengu Warper)                       Turns: 1529, Time: 00:00:07

Health: -1/26      AC:  3    Str: 14    XL:     4   Next: 0%
Magic:  0/8        EV: 12    Int: 13    God:
Gold:   37         SH:  0    Dex: 13    Spells: 7/7 levels left

rFire   . . .      SeeInvis .   Y - +0 hand axe
rCold   . . .      Faith    .   (no shield)
rNeg    . . .      Spirit   +   b - +0 leather armour
rPois   .          Reflect  .   (helmet restricted)
rElec   .          Harm     .   (no cloak)
rCorr   .          Rampage  .   (no gloves)
Will    .....                   (boots unavailable)
Stlth   +.........              l - amulet of guardian spirit
HPRegen 0.08/turn               (no ring)
MPRegen 0.11/turn               (no ring)

@: no status effects
A: beak, talons 3
a: no special abilities


You were on level 2 of the Dungeon.
You visited 1 branch of the dungeon, and saw 2 of its levels.

You collected 37 gold pieces.


Innate Abilities, Weirdness & Mutations

You have a beak for a mouth.
You have claws for feet.


   Skills:
 - Level 2.0 Fighting
 + Level 4.5 Axes
 - Level 1.0 Throwing
 - Level 1.1 Armour
 - Level 2.1 Dodging
 - Level 2.0 Spellcasting
 - Level 2.4 Translocations


You had 7 spell levels left.
You didn't know any spells.
Your spell library contained the following spells:

 Spells                   Type           Power      Damage    Failure   Level
 Blink                    Tloc           14%        N/A       19%         2
 Gell's Gravitas          Tloc           7%         N/A       34%         3
 Lesser Beckoning         Tloc           7%         N/A       34%         3
 Teleport Other           Tloc           7%         N/A       34%         3
 Manifold Assault         Tloc           7%         N/A       97%         5

Inventory:

Hand Weapons
 d - a +0 club
 Y - a +0 hand axe (weapon)
Missiles
 h - 3 boomerangs (quivered)
Armour
 b - a +0 leather armour (worn)
Jewellery
 l - an amulet of guardian spirit (around neck)
Potions
 e - a potion of mutation {unknown}
 g - a potion of might {unknown}
 i - a potion of attraction {unknown}
 j - a potion of cancellation {unknown}
 m - a potion of brilliance {unknown}

Dungeon Overview and Level Annotations

Branches:
Dungeon (2/15)

Altars:
Cheibriados


Message History

Throw: 3 boomerangs
Press: ? - help, Q - select action Shift-Dir - straight line, f - rat You throw a boomerang.
The boomerang barely misses the rat.
Throw: 3 boomerangs
Press: ? - help, Q - select action Shift-Dir - straight line, f/p - rat You throw a boomerang.
The boomerang closely misses the rat.
Throw: 3 boomerangs
Press: ? - help, Q - select action Shift-Dir - straight line, f/p - rat You throw a boomerang.
The boomerang closely misses the rat.
You barely miss the rat. You claw the rat.
You kill the rat!
You have reached level 4!
You feel stronger.
You start resting.
HP restored.
There is an open door here.
You see here a rat corpse.
There is an open door here.
Things that are here:
a +0 dagger; an adder corpse 2 gnolls come into view.
Found a chain mail and a notched brass ring.
The gnoll shouts! x2
A gnoll comes into view. It is wielding a +0 flail.
A gnoll comes into view. It is wielding a +0 spear.
Enter note: The gnoll shouts! x2
The gnoll hits you from afar with a +0 halberd!
The gnoll hits you from afar with a +0 spear.
You hit the gnoll. Your kick misses the gnoll. Your peck misses the gnoll.
The gnoll is lightly wounded.
The gnoll closely misses you. The gnoll hits you with a +0 halberd!
You hit the gnoll but do no damage.
The gnoll is lightly wounded.
The gnoll barely misses you. The gnoll hits you with a +0 halberd.
You hit the gnoll. You claw the gnoll.
The gnoll is heavily wounded.
You barely miss the gnoll.
The gnoll hits you from afar with a +0 spear.
The gnoll hits you with a +0 flail!
You die...

#..######.#.....#
#......##.# ....# .
##.###..#.###.#.# .. #.#
##.......#.# ... #.#
###........ .... #.#
####>.... ..... #.#
####)# ......###.######
###... ......g@.$......#
#.%... .....[.g........#
#.#...
.....gg.........###.#...
............$...........
......###.#####.###.....
..=... #.# ###.....
...... #.# .....##.
###### .. ........
###..###.


You could see 4 gnolls.

Vanquished Creatures
  An adder (D:2)
  A worm (D:2)
  3 dart slugs (D:1)
  An endoplasm (D:1)
  3 giant cockroaches
  5 goblins
  4 hobgoblins
  3 jackals (D:2)
  A kobold (D:2)
  3 quokkas (D:1)
  4 ball pythons (D:1)
  A bat (D:1)
  4 frilled lizards
  A rat (D:2)
35 creatures vanquished.

Notes
Turn   | Place    | Note
-------+----------+-------------------------------------------
     0 | D:1      | qw the Tengu Warper began the quest for the Orb.
     0 | D:1      | Reached XP level 1. HP: 12/12 MP: 4/4
     0 | D:1      | 0 ||| qw: Version: 0.1-a-89-g26bdef1
     0 | D:1      | 0 ||| qw: Game counter: 2191
     0 | D:1      | 0 ||| qw: Always use a shield: true
     0 | D:1      | 0 ||| qw: God list: Okawaru
     0 | D:1      | 0 ||| qw: Allow faded altars: false
     0 | D:1      | 0 ||| qw: Do Orc after D:15 true
     0 | D:1      | 0 ||| qw: Do second Lair branch before Depths: true
     0 | D:1      | 0 ||| qw: Lair rune preference: random
     0 | D:1      | 0 ||| qw: Plans: Normal
     0 | D:1      | 0 ||| PLANNING D:1-11
    97 | D:1      | 97 ||| Stepping ~*~*~tactically~*~*~ (stealth).
   117 | D:1      | Reached skill level 3 in Axes
   117 | D:1      | Reached XP level 2. HP: 13/17 MP: 6/6
   149 | D:1      | 149 ||| Stepping ~*~*~tactically~*~*~ (stealth).
   210 | D:1      | 210 ||| Stepping ~*~*~tactically~*~*~ (hiding).
   312 | D:1      | 312 ||| Stepping ~*~*~tactically~*~*~ (hiding).
   414 | D:1      | 414 ||| Stepping ~*~*~tactically~*~*~ (hiding).
   516 | D:1      | 516 ||| Stepping ~*~*~tactically~*~*~ (hiding).
   805 | D:1      | 805 ||| Stepping ~*~*~tactically~*~*~ (stealth).
   887 | D:1      | Reached XP level 3. HP: 21/21 MP: 7/7
  1174 | D:1      | 1174 ||| UPGRADING to amulet of guardian spirit.
  1179 | D:1      | 1179 ||| READING scroll labelled WAVIPU HYSODU.
  1180 | D:1      | 1180 ||| READING scroll labelled CEIB IWEECW.
  1181 | D:1      | 1181 ||| READING scroll labelled HITHUZ TUIKAM.
  1186 | D:1      | 1186 ||| DROPPING scroll of blinking.
  1229 | D:2      | Reached skill level 4 in Axes
  1288 | D:2      | Found a snail-covered altar of Cheibriados.
  1312 | D:2      | 1312 ||| Stepping ~*~*~tactically~*~*~ (stealth).
  1315 | D:2      | 1315 ||| Stepping ~*~*~tactically~*~*~ (stealth).
  1416 | D:2      | 1416 ||| Stepping ~*~*~tactically~*~*~ (stealth).
  1448 | D:2      | 1448 ||| Stepping ~*~*~tactically~*~*~ (stealth).
  1450 | D:2      | 1450 ||| Stepping ~*~*~tactically~*~*~ (stealth).
  1456 | D:2      | Reached XP level 4. HP: 22/26 MP: 8/8
  1529 | D:2      | Slain by a gnoll

Levels and vault maps discovered:
D:1:      dpeg_arrival_snail, layout_basic
D:2:      layout_basic, basic_altar

Skill      XL: |  1  2  3 |
---------------+----------+-----
Axes           | 3 4 |  4.5
Fighting       | |  2.0
Throwing       | |  1.0
Armour         | |  1.1
Dodging        | |  2.1
Spellcasting   | |  2.0
Translocations | |  2.4

Action                   |  1- 3 |  4- 6 || total
-------------------------+-------+-------++-------
Melee: Hand axe          |    65 |     3 ||    68
       Peck              |     7 |       ||     7
       Kick              |    15 |     1 ||    16
Throw: Boomerang         |    35 |       ||    35
  Use: Scroll            |     3 |       ||     3
Armor: Leather armour    |    15 |       ||    15
Dodge: Dodged            |    33 |     2 ||    35

Table legend:
 A = Non-vault XP
 B = Vault XP
 C = Vault XP percentage of total XP
 D = Non-vault monster count
 E = Vault monster count
 F = Vault count percentage of total count
                 A         B        C        D         E       F
            +---------+---------+-------+---------+---------+-------
      Total |      82 |       0 |   0.0 |      35 |       0 |   0.0
            +---------+---------+-------+---------+---------+-------
        D:1 |      44 |       0 |   0.0 |      22 |       0 |   0.0
        D:2 |      38 |       0 |   0.0 |      13 |       0 |   0.0
            +---------+---------+-------+---------+---------+-------
